 Dungeon Sprint DCSS version 0.27-a0-93-g19769c27d7 (webtiles) character file.

Game seed: 1611379763471178807

16 rocky1 the Changer (level 2, -2/18 HPs)
             Began as an Octopode Transmuter on Jan 16, 2021.
             Was an Initiate of Sif Muna.
             Slain by an ufetubus (5 damage)
             ... in the Dungeon (Sprint VII: "The Pits").
             The game lasted 00:00:42 (108 turns).

rocky1 the Changer (Octopode Transmuter)             Turns: 108, Time: 00:00:42

Health: -2/18      AC:  1    Str:  9    XL:     2   Next: 54%
Magic:  5/6        EV: 14    Int: 15    God:    Sif Muna [......]
Gold:   0          SH:  0    Dex: 12    Spells: 6/7 levels left

rFire    . . .     SeeInvis .     - Unarmed
rCold    . . .     Faith    .   (no shield)
rNeg     . . .     Spirit   .   (helmet currently unavailable)
rPois    .         Reflect  .   (no amulet)
rElec    .         Harm     .   (no ring)
rCorr    .         Rampage  .   (no ring)
Will     .....     NoTele   +   (no ring)
Stlth    ++........             (no ring)
HPRegen  0.06/turn              (no ring)
MPRegen  0.10/turn              (no ring)
                                (no ring)
                                (no ring)

@: appendages
A: almost no armour, stealthy swim, amphibious, 8 rings, constrict 8, tentacle
spike 3, camouflage 1, gelatinous body 1
a: End Transformation, Renounce Religion


You were in the Dungeon.
You worshipped Sif Muna.
Sif Muna was noncommittal.
One of your tentacles had a temporary spike.
You visited 1 branch

Inventory:

Scrolls
 g - a scroll of blinking
 h - 3 scrolls of remove curse
 i - 5 scrolls of amnesia
 j - a scroll of summoning
Potions
 a - 2 potions of invisibility
 b - a potion of curing
 c - a potion of heal wounds
 d - a potion of haste
 e - 4 potions of magic
 f - 3 potions of berserk rage


   Skills:
 - Level 1.0 Fighting
 + Level 2.9 Dodging
 - Level 3.0 Unarmed Combat
 + Level 3.1 Spellcasting
 * Level 4.0 Transmutations


You had 6 spell levels left.
You knew the following spells:

 Your Spells              Type           Power        Failure   Level
a - Beastly Appendage     Tmut           28%          3%          1

Your spell library contained the following spells:

 Spells                   Type           Power        Failure   Level
 Wereblood                Tmut           14%          6%          2
 Spider Form              Tmut/Pois      4%           26%         3
 Ice Form                 Ice/Tmut       8%           65%         4
 Blade Hands              Tmut           7%           71%         5


Dungeon Overview and Level Annotations

Branches:
Dungeon (1/1)

Altars:
Ashenzari
Cheibriados
Dithmenos
Elyvilon
Fedhas
Gozag
Hepliaklqana
Kikubaaqudgha
Makhleb
Nemelex Xobeh
Okawaru
Qazlal
Ru
Sif Muna
Trog
Uskayaw
Vehumet
Wu Jian
Xom
Yredelemnul
Zin
The Shining One
Beogh
Jiyva
Lugonu


Innate Abilities, Weirdness & Mutations

You cannot wear most types of armour.
You are very stealthy in the water. (Stealth+)
You are amphibious.
You can wear up to eight rings at the same time.
You can use your tentacles to constrict eight enemies at once.
Your skin changes colour to match your surroundings (Stealth+).
Your rubbery body absorbs attacks. (AC +1, EV +1)
One of your tentacles bears a large vicious spike.


Message History

You start resting.
Your tentacle spike disappears.
You start resting.
Magic restored.
You open the door.
A gnoll and an ufetubus come into view.
The gnoll shouts!
The gnoll hits you from afar with a +0 spear.
Casting: Beastly Appendage (safe; 3% risk of failure)
Confirm with . or Enter, or press ? or * to list all spells.
One of your tentacles grows a vicious spike.
The gnoll completely misses you.
You tentacle-slap the ufetubus but do no damage.
Your grab misses the ufetubus. The ufetubus hits you. The ufetubus misses you.
The gnoll hits you from afar with a +0 spear!
* * * LOW HITPOINT WARNING * * *
The ufetubus hits you but does no damage.
The ufetubus barely misses you. The ufetubus closely misses you.
The ufetubus hits you.
You die...

_________.#
_______...###########++
##########'##...........
#.?(.')))'.##......#..#.
##########.##...........
#.........†.'...........
#+#####'#####......#..#.
#.. #.# #...........
#...#@# ####'#####++
#..g5.# #.......#
##+#### #.......#
#.......# #...<...#
#.......# #.......#
#.......# #########


You could see a gnoll and an ufetubus.

Vanquished Creatures
  An adder (D)
  An ufetubus (D)
  A giant cockroach (D)
3 creatures vanquished.

Notes
Turn   | Place    | Note
-------+----------+-------------------------------------------
     0 | D        | rocky1 the Octopode Transmuter began the quest for the Orb.
     0 | D        | Reached XP level 1. HP: 13/13 MP: 3/3
    23 | D        | Found a bloodstained altar of Trog.
    23 | D        | Found a shimmering blue altar of Sif Muna.
    23 | D        | Found a viscous altar of Jiyva.
    23 | D        | Found a hazy altar of Hepliaklqana.
    23 | D        | Found an opulent altar of Gozag.
    46 | D        | Found a glowing golden altar of the Shining One.
    46 | D        | Found a glowing silver altar of Zin.
    46 | D        | Found a basalt altar of Yredelemnul.
    46 | D        | Found a shimmering altar of Xom.
    46 | D        | Found an ornate altar of the Wu Jian Council.
    46 | D        | Found a sacrificial altar of Ru.
    46 | D        | Found a stormy altar of Qazlal.
    46 | D        | Found an iron altar of Okawaru.
    46 | D        | Found a sparkling altar of Nemelex Xobeh.
    46 | D        | Found a burning altar of Makhleb.
    46 | D        | Found a blossoming altar of Fedhas.
    46 | D        | Found a white marble altar of Elyvilon.
    46 | D        | Found a shadowy altar of Dithmenos.
    46 | D        | Found a snail-covered altar of Cheibriados.
    48 | D        | Found a radiant altar of Vehumet.
    48 | D        | Found a corrupted altar of Lugonu.
    48 | D        | Found a roughly hewn altar of Beogh.
    49 | D        | Found a hide-covered altar of Uskayaw.
    49 | D        | Found an ancient bone altar of Kikubaaqudgha.
    49 | D        | Found a broken altar of Ashenzari.
    51 | D        | Became a worshipper of Sif Muna the Loreminder
    67 | D        | Reached skill level 3 in Transmutations
    67 | D        | Reached XP level 2. HP: 18/18 MP: 2/5
    69 | D        | Reached skill level 4 in Transmutations
   108 | D        | Slain by an ufetubus

Illustrated notes

Levels and vault maps discovered:
D:        pitsprint [storerooms_1, entrance_room_1, metal_vault_5, armoury_2,
          mini_pit_1, grid_room_1, main_hall_1, silver_pit, the_coven_3,
          the_vestibule_1, steel_vault_5, golden_pit, hallway_of_sentries,
          crystal_vault_1, iron_vault_4, final_vault]

Skill      XL: |  1  2 |
---------------+-------+-----
Transmutations | 3 4 |  4.0
Spellcasting   | 3 |  3.1
Fighting       | |  1.0
Dodging        | |  2.9
Unarmed Combat | |  3.0

Action                   || total
-------------------------++-------
Melee: Unarmed           ||     8
       Constrict         ||     3
       Kick              ||     2
       Tentacles         ||     2
 Cast: Beastly Appendage ||     3
Armor: Skin              ||     2
Dodge: Dodged            ||    12

Table legend: (Time is in decaauts)
 A = Elapsed time spent in this place.
 B = Non-inter-level travel time spent in this place.
 C = Inter-level travel time spent in this place.
 D = Time resting spent in this place.
 E = Time spent auto-exploring this place.
 F = Levels seen in this place.
 G = Mean time per level.
                   A        B        C        D        E       F      G
               +--------+--------+--------+--------+--------+-----+--------+
         Total |    107 |    107 |      0 |     32 |      0 |   1 |  107.0 |
       Dungeon |    107 |    107 |      0 |     32 |      0 |   1 |  107.0 |
               +--------+--------+--------+--------+--------+-----+--------+

Top non-repeatable levels by time:
       D: 107 daAuts
